 Dungeon Crawl Stone Soup version 0.21.1-1-g345015f (webtiles) character file.

5823 inc the Magician (level 10, -1/66 HPs)
             Began as an Octopode Ice Elementalist on June 13, 2018.
             Was an Initiate of Gozag.
             Slain by a hippogriff (6 damage)
             ... on level 1 of the Lair of Beasts.
             The game lasted 00:39:28 (14654 turns).

inc the Magician (Octopode Ice Elementalist)       Turns: 14654, Time: 00:39:29

Health: -1/66      AC:  8    Str:  9    XL:     10   Next: 80%
Magic:  15/30      EV: 14    Int: 22    God:    Gozag
Gold:   1447       SH:  6    Dex: 12    Spells: 16/24 levels left

rFire    . . .     SeeInvis .   i - +2 hand axe (chop)
rCold    . . .     Gourm    .   j - +1 buckler
rNeg     . . .     Faith    .   (helmet restricted)
rPois    +         Spirit   .   (no amulet)
rElec    .         Reflect  .   k - ring of poison resistance
rCorr    .         Harm     .   w - ring of stealth
MR       .....                  H - ring of magical power
Stlth    +++++.....             (no ring)
HPRegen  0.21/turn              (no ring)
MPRegen  0.22/turn              (no ring)
                                (no ring)
                                (no ring)

@: lethally poisoned (-1 -> -3), icy armour, slow
A: almost no armour, stealthy swim, amphibious, 8 rings, constrict 8, camouflage
1, clever 1, gelatinous body 1
a: Potion Petition, Call Merchant, Bribe Branch, Renounce Religion


You were on level 1 of the Lair of Beasts.
You worshipped Gozag.
Gozag was most pleased with you.
You were very hungry.

You visited 3 branches of the dungeon, and saw 12 of its levels.

You collected 1741 gold pieces.
You spent 235 gold pieces at shops.
You paid 59 gold pieces to Gozag.

Inventory:

Hand Weapons
 b - a +0 hand axe
 i - a +2 hand axe of chopping (weapon)
Armour
 j - a +1 buckler (worn)
Jewellery
 k - a ring of poison resistance (left tentacle)
 w - a ring of stealth (right tentacle)
 H - a ring of magical power (on tentacle)
Wands
 p - a wand of iceblast (5)
 q - a wand of digging (23)
 D - a wand of flame (20)
Scrolls
 d - 2 scrolls of blinking
 l - 5 scrolls of remove curse
 o - 2 scrolls of enchant armour
 r - 3 scrolls of fog {unknown}
 x - 2 scrolls of magic mapping {unknown}
 y - 2 scrolls of enchant weapon {unknown}
 A - 2 scrolls of immolation {unknown}
 F - 2 scrolls of teleportation
 G - a scroll of torment {unknown}
 I - a scroll of random uselessness {unknown}
Potions
 e - a potion of resistance {unknown}
 f - a potion of magic {unknown}
 g - a potion of ambrosia
 h - 5 potions of curing
 m - a potion of lignification
 n - 2 potions of degeneration
 s - a potion of mutation
 v - a potion of haste {unknown}
 z - a potion of flight {unknown}
 B - 2 potions of heal wounds
 C - a potion of cancellation {unknown}
 E - a potion of brilliance {unknown}
Books
 a - a book of Frost

   Spells                             Type                      Level
   a - Freeze                         Ice                          1
   b - Throw Frost                    Conjuration/Ice              2
   c - Ozocubu's Armour               Charms/Ice                   3
   d - Throw Icicle                   Conjuration/Ice              4
   e - Summon Ice Beast               Ice/Summoning                4
 t - the Compendium of Cloudy Transmigration
   (You found it on level 4 of the Dungeon)

   Spells                             Type                      Level
   a - Beastly Appendage              Transmutation                1
   b - Static Discharge               Conjuration/Air              3
   c - Dragon Form                    Transmutation                7
   d - Tornado                        Air                          9
 u - a book of Maledictions

   Spells                             Type                      Level
   a - Corona                         Hexes                        1
   b - Ensorcelled Hibernation        Hexes/Ice                    2
   c - Confuse                        Hexes                        3
   d - Tukima's Dance                 Hexes                        3
   e - Dazzling Spray                 Conjuration/Hexes            3
 J - a book of Misfortune

   Spells                             Type                      Level
   a - Confusing Touch                Hexes                        1
   b - Confuse                        Hexes                        3
   c - Gell's Gravitas                Translocation                3
   d - Petrify                        Transmutation/Earth          4
   e - Metabolic Englaciation         Hexes/Ice                    5
   f - Yara's Violent Unravelling     Hexes/Transmutation          5
Comestibles
 c - 5 rations


   Skills:
 - Level 5.4 Fighting
 + Level 3.9 Dodging
 - Level 7.0 Stealth
 - Level 5.7 Shields
 - Level 7.6 Spellcasting
   Level 1.0 Conjurations
 - Level 3.0 Charms
 - Level 5.9 Summonings
 - Level 7.0 Ice Magic


You had 16 spell levels left.
You knew the following spells:

 Your Spells              Type           Power        Failure   Level  Hunger
a - Freeze                Ice            ####         1%          1    None
b - Ozocubu's Armour      Chrm/Ice       ####....     3%          3    None
c - Summon Ice Beast      Ice/Summ       #####...     5%          4    ###....


Dungeon Overview and Level Annotations

Branches:
Dungeon (10/15)            Temple (1/1) D:4            Lair (1/6) D:8
    Orc: D:9-12

Altars:
Ashenzari
Cheibriados
Dithmenos
Elyvilon
Fedhas
Gozag
Hepliaklqana
Kikubaaqudgha
Makhleb
Nemelex Xobeh
Okawaru
Qazlal
Ru
Sif Muna
Trog
Uskayaw
Vehumet
Wu Jian
Xom
Yredelemnul
Zin
The Shining One

Shops:
D:4 [   D:7 !*[[

Annotations:
D:2 Sigmund
D:7 YannSP's ghost, novice HaHu


Innate Abilities, Weirdness & Mutations

You cannot wear most types of armour.
You are very stealthy in the water. (Stealth+)
You are amphibious.
You can wear up to eight rings at the same time.
You can use your tentacles to constrict eight enemies at once.
Your skin changes colour to match your surroundings (Stealth+).
Your rubbery body absorbs attacks. (AC +1, EV +1)
Your mind is acute. (Int +2)


Message History

Aim: a hippogriff (almost dead)
You freeze the hippogriff.
The hippogriff is almost dead.
The hippogriff misses you. x2; You block the hippogriff's attack.
The porcupine bites your ice beast!
Your ice beast is struck by the porcupine's spines.
Your ice beast dies!
Unknown command.
Casting: Freeze
Confirm with . or Enter, or press ? or * to list all spells.
Aiming: Freeze
Press: ? - help, Shift-Dir - straight line, f/p - hippogriff
Aim: a hippogriff (almost dead)
You freeze the hippogriff.
The hippogriff is almost dead.
The hippogriff barely misses you. The hippogriff pecks you.
* * * LOW HITPOINT WARNING * * *
The hippogriff claws you.
You die...
Your body crumbles into a pile of gold.

##.....##.##.# #.......#
⌠.
#..#.#...#.⌠.###.....P##
...#.............#.....###
⌠......⌠......>.⌠...####
.................###..##
.##..#.r#.##.⌠..#.....##
#.#...$.####.##..<..(.# #
#.#+#H###>..........#
#.#...@#...........##
.#...#.#...........#
#.#...#.#...........#
....⌠...............#
##.....#.............#
#........#...........#
###......#...........#
##...........##
..........#


You could see a hippogriff and a porcupine.

Vanquished Creatures
  A two-headed ogre (D:7)
  A wyvern (Lair:1)
  A yak (Lair:1)
  The ghost of w0lly the Charmwright, an amateur GnSk (D:3)
  A warg (D:8)
  2 water moccasins
  2 sky beasts
  An eye of draining (D:8)
  An ice beast (D:8)
  An orc warrior (D:8)
  An ogre (D:4)
  A phantom (D:8)
  A necrophage (D:6)
  2 centaurs
  A crocodile (Lair:1)
  2 big kobolds
  8 bullfrogs
  A gnoll sergeant (D:9)
  A wyvern skeleton (D:8)
  3 killer bees (D:8)
  A howler monkey (D:9)
  4 crimson imps
  A bullfrog zombie (D:6)
  A centaur skeleton (D:8)
  2 bullfrog skeletons
  5 orc priests
  6 hounds
  2 jellies
  Jessica (D:2)
  An iguana (D:7)
  Ijyb (D:3)
  6 orc wizards
  10 worker ants
  A hound zombie (D:7)
  A worker ant zombie (D:5)
  Robin (D:2)
  5 gnolls
  4 adders
  A shadow imp (D:9)
  3 oozes
  4 worms
  3 dart slugs
  6 leopard geckos
  24 orcs
  3 ball pythons
  3 bats
  3 giant cockroaches
  15 goblins
  11 hobgoblins
  3 quokkas
  4 frilled lizards
  10 kobolds
  A leopard gecko skeleton (D:5)
  13 rats
  A plant (D:8)
194 creatures vanquished.

Vanquished Creatures (collateral kills)
  A two-headed ogre (D:8)
  A komodo dragon (Lair:1)
  The ghost of inc the Magician, an amateur OpIE (D:4)
  5 yaks (Lair:1)
  A warg (D:8)
  A water moccasin (Lair:1)
  An orc warrior (D:7)
  A sky beast (D:6)
  A phantom (D:7)
  4 ogres
  A gnoll sergeant (D:8)
  2 bullfrogs (Lair:1)
  A scorpion (D:9)
  A killer bee (D:8)
  A bullfrog zombie (D:8)
  An orc wizard (D:8)
  7 gnolls
  An orc (D:8)
  A kobold (D:7)
33 creatures vanquished.

Grand Total: 227 creatures vanquished

Notes
Turn   | Place    | Note
-------+----------+-------------------------------------------
     0 | D:1      | inc the Octopode Ice Elementalist began the quest for the Orb.
     0 | D:1      | Reached XP level 1. HP: 11/11 MP: 3/3
   350 | D:1      | Reached XP level 2. HP: 17/17 MP: 0/5
   882 | D:1      | Reached XP level 3. HP: 11/21 MP: 6/6
  1614 | D:2      | Found a faded altar of an unknown god.
  1625 | D:2      | Noticed Robin
  1633 | D:2      | Reached XP level 4. HP: 25/27 MP: 3/7
  1751 | D:2      | Learned a level 3 spell: Ozocubu's Armour
  1765 | D:2      | Killed Robin
  1765 | D:2      | Reached skill level 5 in Ice Magic
  1808 | D:2      | Noticed Sigmund
  1934 | D:2      | Found a white marble altar of Elyvilon.
  2057 | D:2      | Noticed Jessica
  2080 | D:2      | Killed Jessica
  2237 | D:2      | Reached XP level 5. HP: 31/31 MP: 8/8
  2585 | D:3      | Noticed an ogre
  2740 | D:3      | Noticed w0lly's ghost (amateur GnSk)
  2831 | D:4      | Noticed inc's ghost (amateur OpIE)
  3125 | D:4      | Found a staircase to the Ecumenical Temple.
  3136 | Temple   | Entered the Ecumenical Temple
  3295 | Temple   | Became a worshipper of Gozag Ym Sagoz the Greedy
  3393 | D:4      | Found a burning altar of Makhleb.
  3404 | D:4      | Noticed an ogre
  3420 | D:4      | Found Jos Soso's Antique Armour Emporium.
  3431 | D:4      | Learned a level 4 spell: Summon Ice Beast
  3448 | D:4      | Reached skill level 1 in Summonings
  3491 | D:4      | Identified the Compendium of Cloudy Transmigration
  3576 | D:4      | Reached XP level 6. HP: 27/36 MP: 7/9
  3710 | D:3      | Noticed Ijyb
  3751 | D:3      | Killed Ijyb
  4486 | D:3      | Killed w0lly's ghost
  4803 | D:5      | Entered Level 5 of the Dungeon
  4850 | D:5      | Reached XP level 7. HP: 16/41 MP: 3/10
  5228 | D:5      | Reached skill level 5 in Summonings
  5313 | D:5      | Found a stormy altar of Qazlal.
  6198 | D:6      | Reached skill level 5 in Stealth
  6198 | D:6      | Reached XP level 8. HP: 27/46 MP: 1/11
  6293 | D:6      | Reached skill level 1 in Fighting
  6686 | D:3      | Found a shattered altar of Ashenzari.
  6962 | D:4      | Killed inc's ghost
  7535 | D:5      | Reached skill level 5 in Fighting
  8219 | D:7      | Found Hioduwn's Armour Emporium.
  8240 | D:7      | Reached skill level 1 in Shields
  8410 | D:7      | Found Bixkui's Armour Emporium.
  8432 | D:7      | Reached XP level 9. HP: 47/59 MP: 1/12
  8479 | D:7      | Noticed YannSP's ghost (novice HaHu)
  8525 | D:7      | Found Gato's General Store.
  8531 | D:7      | Found Xuicaput's Distillery.
  8549 | D:7      | Bought a potion of heal wounds for 70 gold pieces
  8560 | D:7      | Bought a potion of heal wounds for 55 gold pieces
  8560 | D:7      | Bought a potion of heal wounds for 55 gold pieces
  8560 | D:7      | Bought a potion of heal wounds for 55 gold pieces
  8704 | D:7      | Noticed a two-headed ogre
  8748 | D:7      | Killed a two-headed ogre
  8748 | D:7      | Reached skill level 5 in Shields
  9157 | D:8      | Found a bloodstained altar of Trog.
  9175 | D:8      | Noticed a two-headed ogre
 10569 | D:9      | Gained mutation: Your mind is acute. (Int +2) [potion of mutation]
 10569 | D:9      | Lost mutation: Your mind is acute. (Int +2) [potion of mutation]
 10569 | D:9      | Gained mutation: Your mind is acute. (Int +2) [potion of mutation]
 10580 | D:9      | Found a sacrificial altar of Ru.
 10767 | D:9      | Found an ornate altar of the Wu Jian Council.
 10767 | D:9      | Found a snail-covered altar of Cheibriados.
 10773 | D:9      | Found a sparkling altar of Nemelex Xobeh.
 10775 | D:9      | Found an ancient bone altar of Kikubaaqudgha.
 10777 | D:9      | Found a glowing golden altar of the Shining One.
 11099 | D:9      | Reached skill level 5 in Spellcasting
 11431 | D:8      | Reached XP level 10. HP: 33/66 MP: 12/18
 12116 | D:8      | Found a staircase to the Lair.
 13386 | D:7      | Found a basalt altar of Yredelemnul.
 13387 | D:7      | Found a hide-covered altar of Uskayaw.
 13683 | D:8      | Killed a two-headed ogre
 13683 | D:8      | Reached skill level 1 in Charms
 13936 | D:10     | Entered Level 10 of the Dungeon
 13939 | D:10     | Noticed a two-headed ogre
 14051 | Lair:1   | Entered Level 1 of the Lair of Beasts
 14654 | Lair:1   | Slain by a hippogriff

Skill      XL: |  1  2  3  4  5  6  7  8  9 10 |
---------------+-------------------------------+-----
Ice Magic      | 4 5 6 7 |  7.0
Summonings     | 2 4 5 |  5.9
Stealth        | 5 7 |  7.0
Fighting       | 5 |  5.4
Dodging        | 3 |  3.9
Shields        | 2 5 |  5.7
Spellcasting   | 5 7 |  7.6
Charms         | 3 |  3.0
Conjurations   | |  1.0

Action                   |  1- 3 |  4- 6 |  7- 9 | 10-12 || total
-------------------------+-------+-------+-------+-------++-------
Melee: Unarmed           |     8 |       |       |       ||     8
       Hand axe          |    44 |   103 |    58 |    74 ||   279
       Constrict         |    10 |    16 |    13 |     7 ||    46
       Tentacles         |     5 |     9 |     9 |     8 ||    31
 Cast: Freeze            |    23 |    28 |   163 |    88 ||   302
       Ozocubu's Armour  |       |     3 |    16 |    12 ||    31
       Summon Ice Beast  |       |       |    24 |    26 ||    50
  Use: Scroll            |       |     4 |     7 |       ||    11
       Potion            |       |     1 |     4 |     1 ||     6
 Stab: Sleeping          |     4 |     9 |    14 |     2 ||    29
       Distracted        |     1 |       |     3 |     1 ||     5
  Eat: Chunk             |     2 |     6 |       |       ||     8
       Ration            |       |     3 |     8 |     2 ||    13
Armor: Skin              |     1 |    27 |    31 |    19 ||    78
Dodge: Dodged            |    54 |    67 |   150 |    90 ||   361
Block: Buckler           |       |       |    50 |    39 ||    89
